Map: Inside and Out

Players

Bluefrost - Winner!

  • Race: Protoss Protoss
  • Spawn Location: 7:00

reaper

  • Race: Protoss Protoss
  • Spawn Location: 1:00

VOD

Have the link to the VOD?

Description

Wooped em LOL

Time

  • Played on: Nov. 2, 2022, 5:15 a.m.
  • Length: 4:13
Show
View Real Time Build Order
Export as new Build Order

Bluefrost Protoss - Winner!

Build Orders:  

Get SALT Encoding   

  12  0:03  Probe (Chrono Boost)  
  13  0:11  Probe (Chrono Boost)  
  14  0:19  Pylon  
  14  0:26  Probe  
  15  0:39  Forge  
  15  0:47  Probe  
  16  0:57  Pylon  
  16  1:17  Photon Cannon  
  16  1:19  Photon Cannon  
  16  1:40  Pylon  
  16  1:46  Pylon  
  16  2:00  Photon Cannon  
  16  2:06  Pylon  
  16  2:14  Photon Cannon  
  16  2:16  Photon Cannon  
  16  2:20  Photon Cannon  
  16  2:32  Pylon  
  16  2:52  Photon Cannon  
  16  2:54  Photon Cannon  
  16  3:03  Photon Cannon  
  16  3:11  Photon Cannon  
  16  3:27  Photon Cannon  
  16  3:32  Photon Cannon  
  16  3:49  Pylon  
Show
View Real Time Build Order
Export as new Build Order

reaper Protoss 

Build Orders:  

Get SALT Encoding   

  12  0:01  Probe  
  13  0:13  Probe  
  14  0:19  Pylon  
  14  0:26  Probe  
  15  0:38  Probe (Chrono Boost)  
  15  0:39  Gateway  
  17  0:50  Probe (Chrono Boost)  
  17  0:52  Assimilator  
  17  0:55  Probe (Chrono Boost)  
  18  0:59  Assimilator  
  18  1:04  Probe  
  19  1:16  Probe (Chrono Boost)  
  20  1:28  Probe (Chrono Boost)  
  21  1:32  Cybernetics Core  
  21  1:36  Probe (Chrono Boost)  
  21  1:39  Gateway  
  22  1:42  Probe  
  22  1:44  Pylon  
  23  2:02  Probe  
  23  2:04  Gateway  
  23  2:15  Stalker (Chrono Boost)  
  25  2:27  Shield Battery  
  25  2:31  Shield Battery  
  27  2:39  Stalker (Chrono Boost)  
  27  2:44  Pylon  
  27  3:00  Stalker x2  
Tags
 
Matchup
PvP
Spawn Locations
Cross Positions
Add a new tag
Caveats
  • Supply blocks, unpowered buildings, or Contaminate may cause inaccurate times.
  • Supply counts are checked every 10 seconds.